 Dungeon Crawl Stone Soup version 0.30-a0-1124-g6e8f0f562f (webtiles) character file.

Game seed: 12338208806390224324

3353 ragingrage the Cleaver (level 10, -4/127 HPs)
             Began as a Naga Wanderer on Apr 24, 2023.
             Was a Priest of Okawaru.
             Slain by a killer bee (6 damage)
             ... on level 7 of the Dungeon.
             The game lasted 00:13:34 (9566 turns).

ragingrage the Cleaver (Naga Wanderer)              Turns: 9566, Time: 00:13:35

Health: -4/127     AC: 25    Str: 13 (16) XL:     10   Next: 3%
Magic:  11/11      EV:  1    Int:  8 (9)  God:    Okawaru [***...]
Gold:   473        SH:  4    Dex: 15 (17) Spells: 9/9 levels left

rFire   . . .        b - +1 war axe
rCold   . . .        i - +0 buckler
rNeg    . . .        t - melded +0 ring mail
rPois   +            (helmet currently unavailable)
rElec   .            (cloak currently unavailable)
rCorr   +            f - melded +0 pair of gloves
SInv    +            (no barding)
Will    +....        k - amulet of magic regeneration
Stlth   +++          p - ring of resist corrosion
HPRegen 0.41/turn    (no ring)
MPRegen 0.52/turn

%: no passive effects
@: lethally poisoned (-4 -> -7), tree-form
A: stationary, stasis, torment immunity, boosted hp, AC +3, large, see
invisible, (deformed body), (poison resistance), (slowness 2), spit poison 1,
(naga tail 1), (fangs 1), (stinger 1), subdued magic 1
a: Spit Poison, Renounce Religion, Heroism


You were on level 7 of the Dungeon.
You worshipped Okawaru.
Okawaru was most pleased with you.
You were a tree.
You visited 2 branches of the dungeon, and saw 8 of its levels.

You collected 473 gold pieces.

Inventory:

Hand Weapons
 a - a +0 dagger of venom
 b - a +1 war axe (weapon)
 c - a +0 sling
Missiles
 x - 3 curare-tipped darts (quivered)
 H - 5 silver boomerangs
 I - 7 boomerangs
Armour
 f - a +0 pair of gloves (melded)
 i - a +0 buckler (worn)
 t - a +0 ring mail (melded)
 A - a +1 robe of cold resistance
Jewellery
 k - an amulet of magic regeneration (around neck)
 p - a ring of resist corrosion (left branch)
Wands
 D - a wand of light (16)
 G - a wand of flame (2)
Scrolls
 d - 2 scrolls of fog
 e - a scroll of vulnerability
 g - a scroll of summoning {unknown}
 j - 4 scrolls of teleportation
 m - a scroll of acquirement {unknown}
 n - a scroll of enchant weapon
 r - 4 scrolls of identify
 u - a scroll of poison
 v - a scroll of amnesia {unknown}
 z - a scroll of immolation
 C - a scroll of enchant armour {unknown}
 E - a scroll of blinking {unknown}
 F - a scroll of fear {unknown}
 K - 2 scrolls of torment
 L - a scroll of silence {unknown}
Potions
 h - a potion of invisibility
 l - a potion of mutation
 q - 3 potions of flight


   Skills:
 - Level 4.0 Fighting
 + Level 12.9 Axes
 + Level 1.4 Throwing
 - Level 1.5 Armour
 - Level 5.8 Stealth
 - Level 2.0 Shields
 - Level 2.0 Invocations


You had 9 spell levels left.
You didn't know any spells.
Your spell library contained the following spells:

 Spells                   Type           Power      Damage    Failure   Level
 Slow                     Hex            0%         N/A       47%         1
 Confusing Touch          Hex            0%         N/A       85%         3
 Vampiric Draining        Necr           0%         2d6       85%         3
 Passage of Golubria      Tloc           0%         N/A       99%         4
 Yara's Violent Unravell  Hex/Tmut       0%         3d3       100%        5
 Tukima's Dance           Hex            Unusable   N/A       N/A         3

Dungeon Overview and Level Annotations

Branches:
Dungeon (7/15)             Temple (1/1) D:4

Altars:
Ashenzari
Cheibriados
Elyvilon
Fedhas
Gozag
Hepliaklqana
Kikubaaqudgha
Makhleb
Nemelex Xobeh
Okawaru
Qazlal
Ru
Trog
Uskayaw
Vehumet
Wu Jian
Xom
Yredelemnul
Zin
The Shining One

Annotations:
D:4 4 runed translucent doors, Crazy Yiuf; benadryl's ghost, amateur DEEE
D:5 exclusion: downstairs
D:6 2 exclusions


Innate Abilities, Weirdness & Mutations

You are a tree.
Your roots penetrate the ground, keeping you stationary.
You cannot be teleported.
You are immune to unholy pain and torment.
Your maximum health is greatly increased.
Your equipment is partially melded.
((Your serpentine skin is tough. (AC +3)))
You have supernaturally acute eyesight. (SInv)
((Armour fits poorly on your strangely shaped body.))
((Your system is resistant to poisons. (rPois)))
((You cover ground very slowly.))
You can spit poison.
((You have a snake-like lower body.))
((You have very sharp teeth.))
((Your tail ends in a venomous barb.))
Your spells are a little easier to cast, but a little less powerful.


Message History

* * * LOW HITPOINT WARNING * * *
It was a potion of cancellation.
Your magical effects are unravelling.
You feel magically purged.
Your resistance to elements expires.
The killer bee completely misses you. The killer bee stings you.
* * * LOW HITPOINT WARNING * * *
As you read the scroll of teleportation, it crumbles to dust.
You feel strangely unstable.
The killer bee stings you but does no damage.
The killer bee barely misses you.
You completely miss the killer bee. The killer bee barely misses you.
You block the killer bee's attack.
You closely miss the killer bee.
The killer bee looks more healthy.
You block the killer bee's attack.
You hit the killer bee. The killer bee stings you.
* * * LOW HITPOINT WARNING * * *
The killer bee stings you.
* * * LOW HITPOINT WARNING * * *
You are lethally poisoned!
The killer bee poisons you!
It was a potion of degeneration.
There was something very wrong with that liquid.
You feel weakened.
You feel dopey.
You feel clumsy.
* * * LOW HITPOINT WARNING * * *
You feel sick.
The killer bee stings you but does no damage.
The killer bee closely misses you.
Unknown command.
It was a potion of lignification.
You turn into a tree.
Your +0 pair of gloves melds into your body.
Your +0 ring mail melds into your body.
Your roots penetrate the ground.
You feel strangely stable.
* * * LOW HITPOINT WARNING * * *
You feel sick. You block the killer bee's attack.
The killer bee stings you but does no damage.
You slash the killer bee!
* * * LOW HITPOINT WARNING * * *
You feel sick. The killer bee stings you.
You die...

..# ........#####.....##.#
#.### ......#(# ######...#
#...##########.#.# ##.###
..........# #.#.#### #..#
###.#####.# #((.(..# #.##
#.....#.## #†.†...# #.#
#........# #..y(./# ####.#
#........# #.#y######....#
###..)))...###.#♣###)...####
............##.#.......##
###............#####.#.#
#........##..#####.#.#
#........##....))..#.#
#.#####.###..#######.#
##.#####.# #>.#######.#
.........###.......##.#
.#.............###.##.#


You could see 2 killer bees.

Vanquished Creatures
  A shadow (D:5)
  Sigmund (D:3)
  2 water moccasins (D:5)
  3 black bears
  5 ice beasts
  An orc warrior (D:7)
  A centaur (D:6)
  An ogre (D:5)
  A kobold brigand (D:7)
  A phantom (D:6)
  2 bullfrogs
  A necrophage (D:5)
  6 scorpions
  A wight (D:5)
  3 killer bees (D:7)
  A jelly (D:5)
  A gnoll bouda (D:5)
  4 hounds
  2 orc priests (D:5)
  5 iguanas
  A sleepcap (D:6)
  Jessica (D:3)
  Natasha (thrice) (D:4)
  4 orc wizards
  6 gnolls
  9 adders
  5 river rats (D:5)
  2 shadow imps
  A white imp (D:5)
  An ufetubus (D:5)
  A worm (D:4)
  6 dart slugs
  10 orcs
  8 bats
  12 endoplasms
  3 giant cockroaches
  10 goblins
  4 hobgoblins
  8 jackals
  11 quokkas
  11 ball pythons
  10 frilled lizards
  12 kobolds
  21 rats
203 creatures vanquished.

Notes
Turn   | Place    | Note
-------+----------+-------------------------------------------
     0 | D:1      | ragingrage the Naga Wanderer began the quest for the Orb.
     0 | D:1      | ragingrage set off with the following items: a +2 dagger, a
                  | potion of haste, a +0 hand axe, a scroll of fog, a scroll
                  | of vulnerability, a +0 leather armour.
     0 | D:1      | Reached XP level 1. HP: 19/19 MP: 1/1
   151 | D:1      | Reached XP level 2. HP: 25/26 MP: 2/2
   407 | D:1      | Reached skill level 3 in Axes
   598 | D:1      | Reached XP level 3. HP: 5/32 MP: 3/3
  1397 | D:2      | You fall into a shaft and drop 1 floor!
  1417 | D:2      | Reached skill level 4 in Axes
  1423 | D:2      | Reached XP level 4. HP: 39/39 MP: 4/4
  1585 | D:2      | Reached skill level 1 in Shields
  1912 | D:3      | Noticed Sigmund
  1971 | D:3      | Noticed Jessica
  1975 | D:3      | Killed Jessica
  2049 | D:3      | Found a sparkling altar of Nemelex Xobeh.
  2288 | D:3      | Found a hazy altar of Hepliaklqana.
  2427 | D:3      | Gained mutation: Your spells are a little easier to cast,
                  | but a little less powerful. [potion of mutation]
  2427 | D:3      | Gained mutation: You have very sharp teeth. [potion of
                  | mutation]
  2427 | D:3      | Gained mutation: Your tail ends in a venomous barb. [potion
                  | of mutation]
  2428 | D:3      | Reached XP level 5. HP: 10/45 MP: 5/5
  2844 | D:4      | Noticed Natasha
  2852 | D:4      | Killed Natasha
  2853 | D:4      | Reached skill level 5 in Axes
  3020 | D:4      | Noticed Natasha
  3030 | D:4      | Killed Natasha
  3044 | D:4      | Found a runed translucent gate.
  3044 | D:4      | Found a runed translucent gate.
  3044 | D:4      | Found a runed translucent gate.
  3046 | D:4      | Found an opulent altar of Gozag.
  3054 | D:4      | Noticed a black bear
  3061 | D:4      | Killed a black bear
  3062 | D:4      | Reached skill level 6 in Axes
  3062 | D:4      | Reached XP level 6. HP: 48/52 MP: 6/6
  3113 | D:4      | Found a white marble altar of Elyvilon.
  3145 | D:4      | Noticed benadryl's ghost (amateur DEEE)
  3232 | D:4      | Reached XP level 7. HP: 42/60 MP: 7/7
  3369 | D:4      | Reached skill level 7 in Axes
  3542 | D:4      | Found a runed translucent door.
  3543 | D:4      | Noticed Crazy Yiuf
  3573 | D:4      | Found a staircase to the Ecumenical Temple.
  3695 | Temple   | Entered the Ecumenical Temple
  3964 | Temple   | Became a worshipper of Warmaster Okawaru
  3997 | D:4      | Noticed Natasha
  4005 | D:4      | Killed Natasha
  4279 | D:5      | Entered Level 5 of the Dungeon
  4592 | D:5      | Reached skill level 8 in Axes
  4686 | D:5      | Noticed a shadow
  4706 | D:5      | Killed a shadow
  4706 | D:5      | Reached * piety under Okawaru
  4707 | D:5      | Reached XP level 8. HP: 23/67 MP: 8/8
  4911 | D:5      | Reached skill level 9 in Axes
  4911 | D:5      | Reached skill level 1 in Invocations
  5036 | D:5      | Found an ornate altar of the Wu Jian Council.
  5718 | D:6      | Found a blossoming altar of Fedhas.
  6065 | D:3      | Killed Sigmund
  6503 | D:5      | Reached skill level 10 in Axes
  6993 | D:5      | Reached ** piety under Okawaru
  7052 | D:5      | Reached XP level 9. HP: 73/73 MP: 10/10
  7145 | D:5      | Found a burning altar of Makhleb.
  7150 | D:5      | Reached skill level 11 in Axes
  8233 | D:6      | Reached skill level 12 in Axes
  8387 | D:6      | Noticed a red ugly thing
  9201 | D:7      | Reached *** piety under Okawaru
  9549 | D:7      | Reached skill level 1 in Throwing
  9549 | D:7      | Reached XP level 10. HP: 22/85 MP: 11/11
  9563 | D:7      | HP: 4/85 [killer bee (4)]
  9566 | D:7      | Slain by a killer bee

Illustrated notes

Levels and vault maps discovered:
D:1:      dpeg_arrival_subterranean_lakeside_camping, layout_loops_corners
D:2:      layout_rooms, kennysheep_generic_room_9
D:3:      layout_loops_corners, nicolae_hepliaklqana_hazy_memory,
          general_overflow_altar, minmay_fractal_squares_5, uniq_jessica,
          uniq_sigmund
D:4:      layout_basic, elyvilon_altar_1, temple_doors_e, ebering_ghost_gozag,
          hangedman_decor_diamond_cutter, uniq_natasha, uniq_crazy_yiuf_cottage
D:5:      lemuel_ratsnest, layout_loops_corners,
          mainiacjoe_overflow_small_starburst, makhleb_blood_cavern_becter,
          serial_glass, glass_columns_c, glass_columns_a, feat_on_display,
          item_on_display_a, minmay_strange_pillars, item_on_display_b,
          hangedman_decor_push
D:6:      minmay_razor_zed, layout_cave_pools, fedhas_bush_and_centaur_altar
D:7:      layout_basic
Temple:   minmay_temple_curvy_branch

Skill      XL: |  1  2  3  4  5  6  7  8  9 |
---------------+----------------------------+-----
Axes           | 3 4 6 8 10 12 | 12.9
Shields        | 1 2 |  2.0
Invocations    | 2 |  2.0
Fighting       | 4 |  4.0
Throwing       | 1 |  1.4
Armour         | |  1.5
Stealth        | |  5.8

Action                     |  1- 3 |  4- 6 |  7- 9 | 10-12 || total
---------------------------+-------+-------+-------+-------++-------
  Melee: Dagger            |    92 |   124 |    66 |       ||   282
         Bite              |       |     7 |    47 |       ||    54
         War axe           |       |     5 |   357 |     5 ||   367
   Fire: Sling             |     3 |     3 |     5 |       ||    11
  Throw: Dart              |       |       |    11 |     6 ||    17
 Invoke: Heroism           |       |       |     1 |       ||     1
Ability: Spit Poison       |     1 |     5 |    14 |       ||    20
  Evoke: Wand              |       |       |     1 |     2 ||     3
    Use: Potion            |       |     3 |     5 |     4 ||    12
         Scroll            |       |       |     8 |     1 ||     9
   Stab: Sleeping          |    13 |    11 |     8 |       ||    32
         Distracted        |       |       |     1 |       ||     1
 Armour: Leather armour    |    24 |     1 |       |       ||    25
         Ring mail         |       |    40 |   142 |     2 ||   184
         Skin              |       |       |       |     1 ||     1
  Dodge: Dodged            |    32 |    50 |   158 |     4 ||   244
  Block: Buckler           |     7 |    28 |    97 |     3 ||   135

Table legend: (Time is in decaauts)
 A = Elapsed time spent in this place.
 B = Non-inter-level travel time spent in this place.
 C = Inter-level travel time spent in this place.
 D = Time resting spent in this place.
 E = Time spent auto-exploring this place.
 F = Levels seen in this place.
 G = Mean time per level.
                   A        B        C        D        E       F      G
               +--------+--------+--------+--------+--------+-----+--------+
         Total |  11703 |  10719 |    984 |   2806 |   5744 |   8 | 1462.9 |
       Dungeon |  11302 |  10379 |    923 |   2806 |   5407 |   7 | 1614.6 |
        Temple |    400 |    340 |     60 |      0 |    337 |   1 |  400.0 |
               +--------+--------+--------+--------+--------+-----+--------+

Top non-repeatable levels by time:
     D:5: 2971 daAuts
     D:4: 1744 daAuts
     D:1: 1655 daAuts
     D:3: 1586 daAuts
     D:6: 1501 daAuts
     D:2: 1061 daAuts
     D:7: 782 daAuts
  Temple: 400 daAuts
